 Dungeon Crawl Stone Soup version 0.21.1-1-g345015f (webtiles) character file.

55 tyranidshit the Skirmisher (level 3, -5/31 HPs)
             Began as a Demonspawn Abyssal Knight on July 26, 2018.
             Was a Follower of Lugonu.
             Slain by Natasha (7 damage)
             ... on level 2 of the Dungeon.
             The game lasted 00:03:16 (1182 turns).

tyranidshit the Skirmisher (DsAK)                   Turns: 1182, Time: 00:03:17

Health: -5/31      AC:  7    Str: 10 (13) XL:     3   Next: 67%
Magic:  4/4        EV: 10    Int: 11 (13) God:    Lugonu [*.....]
Gold:   59         SH:  0    Dex: 12      Spells: 2/2 levels left

rFire    . . .     SeeInvis .   a - +1 hand axe
rCold    . . .     Gourm    .   (no shield)
rNeg     . . .     Faith    .   f - +0 ring mail
rPois    .         Spirit   .   (helmet restricted)
rElec    .         Reflect  .   (no cloak)
rCorr    .         Harm     .   (no gloves)
MR       .....                  (no boots)
Stlth    +.........             (no amulet)
HPRegen  0.10/turn              (no ring)
MPRegen  0.09/turn              (no ring)

@: slowed, very slow
A: antennae 1, thin metallic scales 1
a: Depart the Abyss, Renounce Religion


You were on level 2 of the Dungeon.
You worshipped Lugonu.
Lugonu was aware of your devotion.
You were not hungry.

You visited 1 branch of the dungeon, and saw 2 of its levels.
You visited the Abyss 1 time.

You collected 59 gold pieces.

Inventory:

Hand Weapons
 a - a +1 hand axe (weapon)
Armour
 b - a +0 leather armour
 f - a +0 ring mail (worn)
 g - a -2 chain mail
Scrolls
 d - 4 scrolls of identify
Comestibles
 c - 3 rations


   Skills:
 + Level 4.7 Fighting
 - Level 1.7 Axes
 - Level 1.7 Armour
 - Level 0.8 Dodging
 - Level 2.4 Invocations


You had 2 spell levels left.
You didn't know any spells.

Dungeon Overview and Level Annotations

Branches:
Dungeon (2/15)

Altars:
Fedhas

Annotations:
D:2 Natasha


Innate Abilities, Weirdness & Mutations

You have a pair of small antennae on your head.
You are partially covered in thin metallic scales. (AC +2)


Message History

No target in view!
A magic dart appears from out of thin air!
The magic dart hits you!
You feel yourself slow down.
There is an open door here.
Something claws you.
A magic dart appears from out of thin air!
The magic dart hits you!
A magic dart appears from out of thin air!
The magic dart hits you!
A magic dart appears from out of thin air!
The magic dart hits you!
* * * LOW HITPOINT WARNING * * *
Okay, then.
You aren't carrying any potions.
Unknown command.
Something claws you.
* * * LOW HITPOINT WARNING * * *
You closely miss something. Something claws you!
You die...

#.# #...# #..†.....
#)# #...# #.[†.....
#.# #...###........
#.# #.....'........
#.# #....##........
#.# #....##........
#.# #....##........
#.######....##........
#....@{..#####.......(
########## #########


There were no monsters in sight!

Vanquished Creatures
  An adder (D:2)
  An ooze (D:2)
  A worm (D:2)
  3 dart slugs (D:1)
  A leopard gecko (D:2)
  A ball python (D:1)
  5 bats
  2 giant cockroaches
  4 hobgoblins
  2 jackals (D:1)
  2 quokkas (D:2)
  3 frilled lizards (D:1)
  2 kobolds
  4 rats (D:1)
32 creatures vanquished.

Notes
Turn   | Place    | Note
-------+----------+-------------------------------------------
     0 | Abyss:1  | tyranidshit the Demonspawn Abyssal Knight began the quest for the Orb.
     0 | Abyss:1  | Reached XP level 1. HP: 18/18 MP: 2/2
    53 | Abyss:1  | Noticed a ynoxinul
    63 | Abyss:1  | Found a blossoming altar of Fedhas.
    64 | Abyss:1  | Noticed a worldbinder
    67 | Abyss:1  | Noticed a warg
    69 | Abyss:1  | Noticed a warg
    70 | Abyss:1  | Noticed an orc priest
    81 | Abyss:1  | Noticed an orc priest
    82 | Abyss:1  | Noticed an orc priest
    83 | D:1      | Escaped the Abyss
   202 | D:1      | Reached * piety under Lugonu
   202 | D:1      | Gained mutation: You are partially covered in thin metallic scales. (AC +2) [demonic ancestry]
   202 | D:1      | Reached XP level 2. HP: 24/25 MP: 3/3
   364 | D:1      | Reached skill level 4 in Fighting
   602 | D:1      | Gained mutation: You have a pair of small antennae on your head. [demonic ancestry]
   602 | D:1      | Reached XP level 3. HP: 29/30 MP: 4/4
   710 | D:2      | Found a blossoming altar of Fedhas.
  1168 | D:2      | Noticed Natasha
  1182 | D:2      | Slain by Natasha

Skill      XL: |  1  2 |
---------------+-------+-----
Fighting       | 4 |  4.7
Axes           | |  1.7
Armour         | |  1.7
Dodging        | |  0.8
Invocations    | |  2.4

Action                   || total
-------------------------++-------
Melee: Hand axe          ||   119
Invok: Depart the Abyss  ||     1
  Use: Potion            ||     3
       Scroll            ||     4
  Eat: Ration            ||     1
Armor: Leather armour    ||     6
       Ring mail         ||    49
Dodge: Dodged            ||    90
